[ AOE2 MATCH · #478514913 ]
UnrankedTatars vs Cumans
Player's team · WIN
Rival team · LOSS
[ REPLAY ANALYSIS · EXTRACTED FROM THE RECORDED GAME ]
Feudal
10:32
Castle
14:22
Imperial
—
| APM avg | 50.3 |
| APM peak | 105 |
| eAPM avg | 25.4 |
| Villagers / military | 35 / 6 |
Focus
⚔️ 31.5% · 🌾 68.5%
Keshik ×3 · Mangonel ×3
Feudal
8:51
Castle
—
Imperial
—
| APM avg | 42.5 |
| APM peak | 79 |
| eAPM avg | 14.4 |
| Villagers / military | 55 / 12 |
Focus
⚔️ 23.2% · 🌾 76.8%
Scout Cavalry ×8 · Spearman ×4
Match map
Initial resources + every placement click. Lines = walls · curves = elevation contours. ◆ gold · ⬟ stone · ● berries · ✦ relic · ◌ wall gap
Your base· Open — unwalled flank
[S1z3] NillisLukins's base· Open — unwalled flank
Smoothed initial terrain · ◌ = detected wall gap · hover for details
Inputs per minute
— Float - - [S1z3] NillisLukins
Build order — Float
89 actions detected in the replay
| 0:01 | Create | Villager (Male) |
| 0:01 | Create | Villager (Male) |
| 0:01 | Create | Villager (Male) |
| 0:02 | Build | House |
| 0:03 | Build | House |
| 0:39 | Create | Villager (Male) |
| 0:39 | Create | Villager (Male) |
| 1:32 | Create | Villager (Male) |
| 1:48 | Create | Villager (Male) |
| 1:48 | Create | Villager (Male) |
| 2:21 | Build | Lumber Camp |
| 2:28 | Create | Villager (Male) |
| 2:28 | Create | Villager (Male) |
| 2:48 | Create | Villager (Male) |
| 3:14 | Create | Villager (Male) |
| 3:14 | Create | Villager (Male) |
| 3:14 | Create | Villager (Male) |
| 3:41 | Build | House |
| 4:12 | Create | Villager (Male) |
| 4:32 | Create | Villager (Male) |
| 4:44 | Create | Villager (Male) |
| 5:05 | Create | Villager (Male) |
| 5:09 | Build | House |
| 5:45 | Create | Villager (Male) |
| 5:54 | Build | Mill |
| 6:11 | Create | Villager (Male) |
| 6:33 | Create | Villager (Male) |
| 7:05 | Create | Villager (Male) |
| 7:19 | Create | Villager (Male) |
| 7:55 | Research | Loom |
| 8:08 | Research | Feudal Age |
| 8:52 | Build | Mining Camp |
| 9:41 | Create | Villager (Male) |
| 10:19 | Build | Palisade Wall |
| 10:20 | Build | Palisade Wall |
| 10:26 | Build | Palisade Wall |
| 10:28 | Build | Palisade Wall |
| 10:32 | Age | Feudal Age |
| 10:34 | Build | Palisade Wall |
| 10:35 | Build | Palisade Wall |
| 10:37 | Build | Market |
| 10:41 | Build | Blacksmith |
| 10:50 | Build | Palisade Wall |
| 10:58 | Build | Palisade Wall |
| 11:00 | Create | Villager (Male) |
| 11:03 | Build | Palisade Wall |
| 11:08 | Build | Palisade Wall |
| 11:09 | Build | Palisade Wall |
| 11:19 | Build | Palisade Wall |
| 11:23 | Build | Palisade Wall |
| 11:24 | Build | Palisade Wall |
| 11:42 | Research | Castle Age |
| 11:42 | Research | Castle Age |
| 12:22 | Build | Mining Camp |
| 12:56 | Build | Farm |
| 12:59 | Build | Farm |
| 13:01 | Create | Villager (Male) |
| 13:03 | Build | Farm |
| 13:12 | Build | House |
| 14:22 | Age | Castle Age |
| 14:34 | Create | Villager (Male) |
| 14:39 | Build | Farm |
| 15:06 | Create | Villager (Male) |
| 15:14 | Build | Farm |
| 15:15 | Build | Farm |
| 15:51 | Create | Villager (Male) |
| 15:52 | Create | Villager (Male) |
| 16:04 | Build | Castle |
| 16:11 | Create | Villager (Male) |
| 16:21 | Research | Fletching |
| 16:21 | Research | Fletching |
| 16:51 | Build | House |
| 17:03 | Build | House |
| 17:47 | Build | House |
| 17:50 | Build | House |
| 17:52 | Build | Palisade Wall |
| 17:59 | Build | Palisade Wall |
| 18:22 | Create | Villager (Male) |
| 18:23 | Create | Villager (Male) |
| 18:43 | Build | Siege Workshop |
| 18:50 | Create | Keshik |
| 18:50 | Create | Keshik |
| 19:14 | Create | Keshik |
| 19:45 | Create | Mangonel |
| 19:45 | Create | Mangonel |
| 20:58 | Create | Villager (Male) |
| 20:58 | Create | Villager (Male) |
| 21:38 | Build | Mining Camp |
| 21:51 | Create | Mangonel |
Build order — [S1z3] NillisLukins
136 actions detected in the replay
| 0:00 | Create | Villager (Male) |
| 0:02 | Build | House |
| 0:03 | Build | House |
| 0:05 | Create | Villager (Male) |
| 0:05 | Create | Villager (Male) |
| 0:05 | Create | Villager (Male) |
| 1:33 | Create | Villager (Male) |
| 1:51 | Build | Lumber Camp |
| 2:04 | Create | Villager (Male) |
| 2:17 | Create | Villager (Male) |
| 2:50 | Create | Villager (Male) |
| 3:10 | Create | Villager (Male) |
| 3:24 | Create | Villager (Male) |
| 3:50 | Build | House |
| 4:03 | Create | Villager (Male) |
| 4:03 | Create | Villager (Male) |
| 4:24 | Build | Mill |
| 4:41 | Create | Villager (Male) |
| 4:55 | Create | Villager (Male) |
| 5:27 | Create | Villager (Male) |
| 5:28 | Research | Loom |
| 6:36 | Research | Feudal Age |
| 6:36 | Research | Feudal Age |
| 7:40 | Build | Barracks |
| 8:02 | Create | Villager (Male) |
| 8:21 | Build | House |
| 8:51 | Age | Feudal Age |
| 8:53 | Build | Stable |
| 9:06 | Research | Double-Bit Axe |
| 9:10 | Create | Villager (Male) |
| 9:20 | Research | Horse Collar |
| 9:30 | Build | House |
| 9:32 | Build | Palisade Wall |
| 9:40 | Create | Villager (Male) |
| 9:41 | Create | Scout Cavalry |
| 9:42 | Create | Scout Cavalry |
| 9:49 | Build | Farm |
| 10:05 | Build | Farm |
| 10:10 | Build | Palisade Wall |
| 10:12 | Build | House |
| 10:17 | Create | Villager (Male) |
| 10:19 | Create | Scout Cavalry |
| 10:19 | Create | Villager (Male) |
| 10:27 | Build | Palisade Wall |
| 10:43 | Build | Farm |
| 10:46 | Build | Farm |
| 10:59 | Create | Villager (Male) |
| 11:01 | Create | Scout Cavalry |
| 11:06 | Build | Farm |
| 11:08 | Build | House |
| 11:11 | Build | House |
| 11:34 | Create | Villager (Male) |
| 12:00 | Build | Farm |
| 12:02 | Build | House |
| 12:06 | Create | Villager (Male) |
| 12:23 | Build | House |
| 12:36 | Create | Villager (Male) |
| 12:55 | Build | Town Center |
| 13:02 | Create | Villager (Male) |
| 13:08 | Build | Palisade Wall |
| 13:12 | Build | House |
| 13:13 | Build | Palisade Wall |
| 13:42 | Create | Villager (Male) |
| 13:53 | Build | Blacksmith |
| 14:07 | Create | Villager (Male) |
| 14:12 | Build | House |
| 14:13 | Build | Palisade Wall |
| 14:15 | Build | Palisade Wall |
| 14:20 | Create | Villager (Male) |
| 14:36 | Build | Farm |
| 14:51 | Build | Farm |
| 15:00 | Create | Villager (Male) |
| 15:03 | Build | House |
| 15:04 | Create | Villager (Male) |
| 15:19 | Create | Villager (Male) |
| 15:26 | Create | Villager (Male) |
| 15:33 | Build | Farm |
| 15:50 | Create | Villager (Male) |
| 15:50 | Create | Villager (Male) |
| 15:54 | Build | Farm |
| 15:57 | Build | Farm |
| 16:00 | Build | Farm |
| 16:19 | Create | Scout Cavalry |
| 16:19 | Create | Scout Cavalry |
| 16:19 | Create | Villager (Male) |
| 16:21 | Create | Villager (Male) |
| 16:34 | Build | Farm |
| 16:36 | Build | Farm |
| 16:41 | Build | Farm |
| 16:45 | Create | Villager (Male) |
| 16:46 | Create | Villager (Male) |
| 16:50 | Build | Farm |
| 16:52 | Build | Farm |
| 17:29 | Create | Scout Cavalry |
| 17:29 | Create | Scout Cavalry |
| 17:30 | Create | Villager (Male) |
| 17:50 | Build | Mining Camp |
| 18:13 | Build | Farm |
| 18:16 | Build | Farm |
| 18:18 | Build | Farm |
| 18:23 | Build | Farm |
| 18:23 | Create | Villager (Male) |
| 18:23 | Create | Villager (Male) |
| 18:24 | Create | Villager (Male) |
| 18:45 | Build | Farm |
| 18:47 | Create | Villager (Male) |
| 18:58 | Build | House |
| 19:01 | Build | House |
| 19:04 | Build | House |
| 19:18 | Create | Villager (Male) |
| 19:20 | Create | Villager (Male) |
| 19:21 | Create | Villager (Male) |
| 19:26 | Build | Farm |
| 19:27 | Create | Villager (Male) |
| 19:33 | Build | Mining Camp |
| 19:45 | Create | Villager (Male) |
| 19:46 | Build | Barracks |
| 20:15 | Build | Palisade Wall |
| 20:17 | Build | Palisade Wall |
| 20:19 | Build | House |
| 20:22 | Build | Palisade Wall |
| 20:24 | Build | Palisade Wall |
| 20:28 | Build | House |
| 20:36 | Create | Villager (Male) |
| 20:37 | Create | Villager (Male) |
| 20:39 | Create | Spearman |
| 20:39 | Create | Spearman |
| 20:56 | Build | Palisade Wall |
| 21:03 | Create | Spearman |
| 21:04 | Create | Spearman |
| 21:04 | Create | Villager (Male) |
| 21:04 | Create | Villager (Male) |
| 21:05 | Create | Villager (Male) |
| 21:05 | Create | Villager (Male) |
| 21:22 | Build | Market |
| 21:30 | Create | Villager (Male) |
Match timeline
| 7:40 | [S1z3] NillisLukins · first_building Barracks |
| 8:51 | [S1z3] NillisLukins · age_up feudal |
| 8:53 | [S1z3] NillisLukins · first_building Stable |
| 9:32 | [S1z3] NillisLukins · wall_segment Palisade Wall x5 |
| 10:10 | [S1z3] NillisLukins · wall_segment Palisade Wall x8 |
| 10:19 | Float · wall_segment Palisade Wall x1 |
| 10:20 | Float · wall_segment Palisade Wall x1 |
| 10:26 | Float · wall_segment Palisade Wall x1 |
| 10:27 | [S1z3] NillisLukins · wall_segment Palisade Wall x4 |
| 10:28 | Float · wall_segment Palisade Wall x1 |
| 10:32 | Float · age_up feudal |
| 10:34 | Float · wall_segment Palisade Wall x1 |
| 10:35 | Float · wall_segment Palisade Wall x1 |
| 10:50 | Float · wall_segment Palisade Wall x1 |
| 10:58 | Float · wall_segment Palisade Wall x1 |
| 11:03 | Float · wall_segment Palisade Wall x1 |
| 11:08 | Float · wall_segment Palisade Wall x1 |
| 11:09 | Float · wall_segment Palisade Wall x1 |
| 11:19 | Float · wall_segment Palisade Wall x1 |
| 11:23 | Float · wall_segment Palisade Wall x4 |
| 11:24 | Float · wall_segment Palisade Wall x1 |
| 11:36 | Float · first_market_sell 100 stone |
| 13:08 | [S1z3] NillisLukins · wall_segment Palisade Wall x6 |
| 13:13 | [S1z3] NillisLukins · wall_segment Palisade Wall x8 |
| 14:13 | [S1z3] NillisLukins · wall_segment Palisade Wall x1 |
| 14:15 | [S1z3] NillisLukins · wall_segment Palisade Wall x7 |
| 14:22 | Float · age_up castle |
| 16:04 | Float · first_building Castle |
| 17:52 | Float · wall_segment Palisade Wall x1 |
| 17:59 | Float · wall_segment Palisade Wall x1 |
| 18:27 | Float · first_market_buy 100 wood |
| 18:43 | Float · first_building Siege Workshop |
| 20:15 | [S1z3] NillisLukins · wall_segment Palisade Wall x1 |
| 20:17 | [S1z3] NillisLukins · wall_segment Palisade Wall x1 |
| 20:22 | [S1z3] NillisLukins · wall_segment Palisade Wall x1 |
| 20:24 | [S1z3] NillisLukins · wall_segment Palisade Wall x1 |
| 20:56 | [S1z3] NillisLukins · wall_segment Palisade Wall x1 |
| 22:00 | [S1z3] NillisLukins · resign |
[ AI ANALYSIS · 1 CREDIT ]
What really happened in this match?
Wolo.gg analyzes every decision: build order, eco, micro, common mistakes by bracket. Personalized analysis on WhatsApp or Discord in 30 seconds.
Civ guide
Tatars
Perfil
Jugador #24046067